[Event "Early-Titled-Tuesday-Blitz-November-28-2023"]
[Site "Chess.com"]
[Date "2023.11.28"]
[Round "4"]
[White "abelmat"]
[Black "GAusal"]
[Result "0-1"]
[WhiteElo "1955"]
[BlackElo "2293"]
[TimeControl "180+1"]
[EndTime "8:36:55 PST"]
[Termination "GAusal won by resignation"]

1. d4 d5 2. c4 c6 3. Nf3 dxc4 4. e3 b5 5. a4 e6 6. b3 Bb4+ 7. Bd2 Bxd2+ 8. Nbxd2 c3 9. Ne4 b4 10. Bd3 Nf6 11. O-O Nxe4 12. Bxe4 a5 13. Ne5 O-O 14.
Nxc6 Nxc6 15. Bxc6 Ra7 16. Rc1 Bb7 17. Bxb7 Rxb7 18.
Qf3 Qb6 19. h4 Rd7 20. h5 h6 21. Rfe1 Rd5 22. g3 Rfd8 23. Kg2 e5 24. dxe5 Qe6 25. Red1 Rxd1 26. Rxd1 Rxd1 27. Qxd1 Qc6+ 28. Kf1 c2 29.
Qc1 Qc3 30. Ke2 Qxb3 31. Kd2 Qc3+ 32. Ke2 b3 33. e6 fxe6 0-1

[Event "Early-Titled-Tuesday-Blitz-November-28-2023"]
[Site "Chess.com"]
[Date "2023.11.28"]
[Round "4"]
[White "Nikolakis2014"]
[Black "margarita_2703"]
[Result "1-0"]
[WhiteElo "2785"]
[BlackElo "2333"]
[TimeControl "180+1"]
[EndTime "8:36:57 PST"]
[Termination "Nikolakis2014 won by resignation"]

1. Nf3 d5 2. d4 Nf6 3. c4 e6 4. g3 Be7 5. Bg2 O-O 6. O-O dxc4 7. Qc2 a6 8. a4 Bd7 9. Qxc4 Bc6 10. Bf4 Nbd7 11.
Nc3 Nb6 12. Qd3 Nbd5 13. Bg5 h6 14. Bxf6 Nxf6 15. Rfd1 Bb4 16. Ne5 Bxg2 17. Kxg2 Bxc3 18. bxc3 Nd7 19. Qf3 Nxe5 20. dxe5 Qc8 21. Rd4 Rb8 22.
c4 Rd8 23. Rad1 Rxd4 24. Rxd4 Qe8 25. c5 b5 26. c6 bxa4 27. Rd7 Rd8 28. Rxc7 Rc8 29.
Rd7 a3 30. Qxa3 Rxc6 31. Qd3 Qa8 32. Rd8+ 1-0

[Event "Early-Titled-Tuesday-Blitz-November-28-2023"]
[Site "Chess.com"]
[Date "2023.11.28"]
[Round "4"]
[White "Kislov_Oleg"]
[Black "Suspenser17"]
[Result "1-0"]
[WhiteElo "2575"]
[BlackElo "2361"]
[TimeControl "180+1"]
[EndTime "8:36:59 PST"]
[Termination "Kislov_Oleg won by resignation"]

1. d4 d5 2. Bf4 c5 3. c3 Nc6 4.
e3 Qb6 5. Qb3 c4 6. Qxb6 axb6 7.
Nd2 b5 8. e4 e6 9. Ngf3 b4 10.
Ne5 Nxe5 11. Bxe5 Nf6 12. Bxf6 gxf6 13. exd5 exd5 14. Be2 b5 15. Bf3 Be6 16. O-O bxc3 17. bxc3 b4 18. Nxc4 Rc8 19. Nb6 Rxc3 20. Bxd5 Bd6 21.
Rfe1 O-O 22. Bxe6 fxe6 23. Rxe6 Bc7 24. Nd5 Rc2 25. Nxf6+ Kf7 26. Ra6 Rd8 27. Ng4 Rxd4 28. Ne3 Rb2 29. Ra7 Rd7 30. Rc1 Ke6 31. Raxc7 Rxc7 32. Rxc7 1-0

[Event "Early-Titled-Tuesday-Blitz-November-28-2023"]
[Site "Chess.com"]
[Date "2023.11.28"]
[Round "4"]
[White "ChessWarrior3"]
[Black "DreamsAreFake"]
[Result "0-1"]
[WhiteElo "2428"]
[BlackElo "2653"]
[TimeControl "180+1"]
[EndTime "8:37:00 PST"]
[Termination "DreamsAreFake won by resignation"]

1. e4 c6 2. d4 d5 3. e5 c5 4. dxc5 e6 5. a3 Bxc5 6. Bd3 Nc6 7. Nf3 f6 8. b4 Be7 9. Bb2 Nh6 10. Nh4 O-O 11. Qh5 fxe5 12. Ng6 hxg6 13. Qxg6 Nf5 14. g4 e4 15. gxf5 Bf6 16. Bxf6 Rxf6 17.
Qg5 exd3 18. cxd3 Rxf5 19. Qg3 Qf6 20. Ra2 Bd7 21. Rg1 Rf8 22. Rc2 Nd4 23. Rc7 Nf3+ 24.
Kf1 Nxh2+ 25. Kg2 Rxf2+ 26. Kh1 Qh6 27. Qxg7+ Qxg7 28. Rxg7+ Kxg7 29. Rxd7+ R8f7 30. Rxf7+ Kxf7 0-1

[Event "Early-Titled-Tuesday-Blitz-November-28-2023"]
[Site "Chess.com"]
[Date "2023.11.28"]
[Round "4"]
[White "scarabee43"]
[Black "Viacheslav92"]
[Result "1-0"]
[WhiteElo "2807"]
[BlackElo "2565"]
[TimeControl "180+1"]
[EndTime "8:37:02 PST"]
[Termination "scarabee43 won by resignation"]

1. Nf3 Nf6 2. c4 c5 3. Nc3 Nc6 4. g3 g6 5. Bg2 Bg7 6. O-O O-O 7. d4 cxd4 8. Nxd4 Nxd4 9. Qxd4 d6 10. Qd2 Be6 11. b3 d5 12. Rd1 dxc4 13. bxc4 Qxd2 14. Bxd2 Bxc4 15. Bxb7 Rab8 16. Rab1 Rfd8 17. a4 h5 18. a5 Nd5 19. Nxd5 Bxd5 20. Bf4 e5 21. Bg5 Rd7 22. a6 Be6 23. Rxd7 Bxd7 24. Be3 Bf5 25. Bxa7 Rd8 26. e4 Bc8 27. Bxc8 Rxc8 28. Rb8 1-0

[Event "Early-Titled-Tuesday-Blitz-November-28-2023"]
[Site "Chess.com"]
[Date "2023.11.28"]
[Round "4"]
[White "chesstrainer2042"]
[Black "Kildepiotr"]
[Result "0-1"]
[WhiteElo "2499"]
[BlackElo "2717"]
[TimeControl "180+1"]
[EndTime "8:37:02 PST"]
[Termination "Kildepiotr won by resignation"]

1. d4 c5 2. d5 e5 3. e4 d6 4. c4 Be7 5. Nc3 Bg5 6. Bd3 Bxc1 7.
Qxc1 Ne7 8. Nge2 O-O 9. O-O Nd7 10.
Ng3 Ng6 11. a3 Nf4 12. Bc2 Nf6 13. Nce2 Nxe2+ 14. Nxe2 a6 15. b4 Qc7 16. Bd3 a5 17.
Rb1 axb4 18. axb4 cxb4 19. Rxb4 Nd7 20. Nc3 Nc5 21. Bc2 Bd7 22. Qd2 Ra3 23. Rfb1 Rfa8 24. h3 h6 25. Bd1 Ra1 26. Kh2 Rxb1 27. Rxb1 Ra3 28. Bf3 Qa5 0-1

[Event "Early-Titled-Tuesday-Blitz-November-28-2023"]
[Site "Chess.com"]
[Date "2023.11.28"]
[Round "4"]
[White "VincentKeymer"]
[Black "baki83"]
[Result "1-0"]
[WhiteElo "3024"]
[BlackElo "2814"]
[TimeControl "180+1"]
[EndTime "8:37:05 PST"]
[Termination "VincentKeymer won by resignation"]

1. Nf3 Nf6 2. c4 g6 3. b4 Bg7 4. Bb2 d6 5. g3 O-O 6. Bg2 e5 7. d3 Ng4 8. Nc3 f5 9. O-O Nc6 10.
b5 Ne7 11. Rc1 f4 12. d4 exd4 13. Nxd4 fxg3 14. hxg3 Nf5 15. Nxf5 Bxf5 16. Bxb7 Qg5 17. Bxa8 Be4 18. Nxe4 Qh6 19. Bd5+ Rf7 20. Bxf7+ Kf8 21.
Bxg7+ Kxg7 22. Qd4+ Kf8 23. Qh8+ Kxf7 24. Qxh7+ 1-0

[Event "Early-Titled-Tuesday-Blitz-November-28-2023"]
[Site "Chess.com"]
[Date "2023.11.28"]
[Round "4"]
[White "AjedrezenMadrid"]
[Black "karinachess1"]
[Result "0-1"]
[WhiteElo "2373"]
[BlackElo "2597"]
[TimeControl "180+1"]
[EndTime "8:37:07 PST"]
[Termination "karinachess1 won by resignation"]

1. Nf3 Nf6 2. b3 g6 3. Bb2 Bg7 4. g3 O-O 5. Bg2 d6 6. d4 c5 7.
O-O cxd4 8. Nxd4 d5 9. c4 dxc4 10. Na3 Nbd7 11. Nxc4 Nc5 12. Rc1 Nce4 13. Nb5 Bf5 14. h3 h5 15. Ba3 a6 16. Qxd8 Rfxd8 17. Nc7 Rac8 18. Nb6 Rb8 19. Bxe7 Rd2 20. g4 hxg4 21.
hxg4 Nxg4 22. Nc4 Rxe2 23. Rfe1 Rxe1+ 24. Rxe1 Nexf2 25. Bc5 Nd3 0-1

[Event "Early-Titled-Tuesday-Blitz-November-28-2023"]
[Site "Chess.com"]
[Date "2023.11.28"]
[Round "4"]
[White "jeetjain"]
[Black "LiemLe"]
[Result "0-1"]
[WhiteElo "2545"]
[BlackElo "3127"]
[TimeControl "180+1"]
[EndTime "8:37:11 PST"]
[Termination "LiemLe won by resignation"]

1. d4 Nf6 2. Nf3 d5 3. Bf4 c5 4. e3 Nc6 5. Nbd2 e6 6. c3 cxd4 7. exd4 Nh5 8. Bg5 f6 9. Bh4 Bd6 10. Bg3 Nxg3 11. hxg3 e5 12. dxe5 fxe5 13. Bb5 O-O 14.
Qc2 e4 15. Nd4 Nxd4 16. cxd4 Qb6 17. Qb3 Qxd4 18. O-O-O Bf5 19. Nc4 Qc5 20. Rxd5 Qxd5 21. Rd1 Qc5 22. Rxd6 a6 23. Kb1 Qxb5 0-1

[Event "Early-Titled-Tuesday-Blitz-November-28-2023"]
[Site "Chess.com"]
[Date "2023.11.28"]
[Round "4"]
[White "defenceboy"]
[Black "mbachez"]
[Result "1-0"]
[WhiteElo "2851"]
[BlackElo "2569"]
[TimeControl "180+1"]
[EndTime "8:37:18 PST"]
[Termination "defenceboy won by resignation"]

1. d4 d5 2. c4 c6 3. Nf3 Nf6 4. e3 Bg4 5. h3 Bxf3 6. Qxf3 e6 7. Nc3 Nbd7 8. Bd2 Be7 9. g4 O-O 10. g5 Ne8 11. h4 a6 12. cxd5 cxd5 13. Bd3 Nd6 14.
O-O-O b5 15. Kb1 b4 16. Ne2 a5 17. Qg3 Nc4 18. Bc1 a4 19. g6 fxg6 20. h5 g5 21. h6 g6 22. Qg4 Qb6 23. Nf4 gxf4 24. Bxg6 Bf6 25. Rdg1 hxg6 26. Qxg6+ Kh8 27. h7 Qd8 28. Qg8+ 1-0

[Event "Early-Titled-Tuesday-Blitz-November-28-2023"]
[Site "Chess.com"]
[Date "2023.11.28"]
[Round "4"]
[White "HanSchut"]
[Black "katharinareinecke"]
[Result "0-1"]
[WhiteElo "2284"]
[BlackElo "1994"]
[TimeControl "180+1"]
[EndTime "8:37:21 PST"]
[Termination "katharinareinecke won by resignation"]

1. e4 c6 2. d4 d5 3. exd5 cxd5 4. c4 Nf6 5. Nc3 e6 6. Nf3 Bb4 7. cxd5 Nxd5 8. Qc2 O-O 9. Bd3 g6 10. Bh6 Re8 11. h4 Nxc3 12. bxc3 Bf8 13. Bxf8 Rxf8 14. h5 Qf6 15. hxg6 fxg6 16. Ne5 Nd7 17. Ng4 Qf4 18.
Bxg6 Qxg4 19. Bxh7+ Kg7 20. Be4 Nf6 21. Bf3 Qg6 22. Qd2 Bd7 23. Bxb7 Rab8 24. Bf3 Rh8 25.
Rxh8 Rxh8 26. O-O-O Rb8 27. Qc2 Qxc2+ 28. Kxc2 Ba4+ 29.
Kd2 Bxd1 30. Kxd1 Rb2 0-1

[Event "Early-Titled-Tuesday-Blitz-November-28-2023"]
[Site "Chess.com"]
[Date "2023.11.28"]
[Round "4"]
[White "sofaceindisguise"]
[Black "Ramla2020"]
[Result "1-0"]
[WhiteElo "2806"]
[BlackElo "2564"]
[TimeControl "180+1"]
[EndTime "8:37:23 PST"]
[Termination "sofaceindisguise won by resignation"]

1. Nf3 d5 2. d4 Nf6 3. c4 c6 4.
Nc3 g6 5. h4 h5 6. Bg5 Ne4 7. Qb3 Nxg5 8. Nxg5 dxc4 9. Qxc4 e6 10.
e4 Be7 11. e5 b5 12. Qd3 Bxg5 13. hxg5 Qa5 14. Be2 b4 15. Ne4 Ba6 16. Nd6+ Ke7 17.
Qf3 Rf8 18. Qf6+ Kd7 19. Bxa6 Nxa6 20. O-O Nc7 21. Rfc1 Nd5 22. Qf3 Qd8 23. Ne4 Qe7 24.
Rc4 a5 25. Rac1 Rfc8 26. a4 Nb6 27. Nf6+ Kd8 28. Rxc6 Rxc6 29. Rxc6 Rb8 30. Rd6+ Kc8 31. Qc6+ Qc7 32. Rd8+ 1-0

[Event "Early-Titled-Tuesday-Blitz-November-28-2023"]
[Site "Chess.com"]
[Date "2023.11.28"]
[Round "4"]
[White "IsaqueGoncalvesSanto"]
[Black "ljuks68"]
[Result "0-1"]
[WhiteElo "1910"]
[BlackElo "2428"]
[TimeControl "180+1"]
[EndTime "8:37:27 PST"]
[Termination "ljuks68 won by resignation"]

1. d4 d5 2. c4 c6 3. Nc3 Nf6 4. Nf3 dxc4 5. a4 Bf5 6. Ne5 Na6 7. f3 Nd7 8. Nxc4 e5 9. dxe5 Qh4+ 10. g3 Qxc4 11. e4 Qe6 12. exf5 Qxe5+ 13. Qe2 Nb4 14. Qxe5+ Nxe5 15. Kf2 Bc5+ 16. Kg2 O-O-O 17. Bf4 Ned3 18.
Bc1 Nxc1 19. Rxc1 Rd2+ 20. Ne2 Bb6 21. b3 Re8 22. Rc4 Rexe2+ 23. Bxe2 Rxe2+ 24. Kf1 Rf2+ 25. Ke1 Nd3+ 26. Kd1 Be3 27. Rc2 Nb2+ 28. Ke1 Rxc2 0-1

[Event "Early-Titled-Tuesday-Blitz-November-28-2023"]
[Site "Chess.com"]
[Date "2023.11.28"]
[Round "4"]
[White "Franmu14"]
[Black "Azerichess"]
[Result "0-1"]
[WhiteElo "2721"]
[BlackElo "3037"]
[TimeControl "180+1"]
[EndTime "8:37:28 PST"]
[Termination "Azerichess won by resignation"]

1. e4 c6 2. Nc3 d5 3. exd5 cxd5 4. d4 Nc6 5. Bf4 Bf5 6. Bd3 g6 7. Nge2 Nf6 8. Bxf5 gxf5 9. f3 e6 10. Qd2 Rc8 11. a3 a6 12. h4 Rg8 13. Rh2 Nh5 14.
Bg5 Qc7 15. Rh3 f6 16. g4 fxg5 17. gxh5 g4 18. fxg4 Rxg4 19. Qe3 Kf7 20. O-O-O Na5 21. Rf1 Nc4 22. Qf3 Bh6+ 23. Kd1 Ne3+ 24. Ke1 Nxc2+ 25. Kf2 Be3+ 26. Qxe3 Nxe3 27. Kxe3 Rcg8 28. Rhf3 Rxh4 29. Nf4 Rxf4 30. Rxf4 Rg3+ 31. R4f3 Rxf3+ 32. Rxf3 Qh2 33. Rf2 Qh3+ 34. Kd2 Qxh5 35. Ne2 Qg5+ 36. Nf4 h5 37.
Ke2 h4 38. Nd3 Qg4+ 39. Ke3 Qe4+ 40. Kd2 Qxd4 41. Rf4 Qf6 42. Rb4 b5 43. a4 h3 44.
axb5 axb5 45. Rxb5 h2 46. Rb7+ Kg8 47. Rb8+ Kh7 48.
Rb7+ Kh6 0-1

[Event "Early-Titled-Tuesday-Blitz-November-28-2023"]
[Site "Chess.com"]
[Date "2023.11.28"]
[Round "4"]
[White "jefferyx"]
[Black "fighter2jz"]
[Result "0-1"]
[WhiteElo "3009"]
[BlackElo "2868"]
[TimeControl "180+1"]
[EndTime "8:37:29 PST"]
[Termination "fighter2jz won by resignation"]

1. d4 Nf6 2. Nf3 d5 3. c4 e6 4.
Nc3 Bb4 5. Qa4+ Nc6 6. e3 O-O 7. Bd2 Bd7 8. Qc2 Qe7 9. a3 Bxc3 10.
Bxc3 Ne4 11. Bd3 Nxc3 12. Qxc3 Rac8 13. b4 Rfe8 14. b5 Nd8 15. c5 f6 16. O-O e5 17. Nd2 b6 18. a4 c6 19. Nb3 Ne6 20.
Rfc1 e4 21. Bf1 f5 22. Qb2 f4 23. cxb6 axb6 24. a5 bxa5 25. b6 Qg5 26. b7 Rb8 27.
exf4 Nxf4 28. Nxa5 Nxg2 29. Nxc6 Ne1+ 30. Kh1 Nf3 0-1

[Event "Early-Titled-Tuesday-Blitz-November-28-2023"]
[Site "Chess.com"]
[Date "2023.11.28"]
[Round "4"]
[White "Hovik_Hayrapetyan"]
[Black "Maxfan2008"]
[Result "1-0"]
[WhiteElo "2779"]
[BlackElo "2545"]
[TimeControl "180+1"]
[EndTime "8:37:30 PST"]
[Termination "Hovik_Hayrapetyan won by checkmate"]

1. d4 d5 2. c4 c6 3. Nf3 Nf6 4. Nc3 e6 5. e3 Nbd7 6. Bd3 dxc4 7. Bxc4 b5 8. Bd3 Bb7 9. e4 b4 10. Na4 c5 11. e5 Nd5 12. O-O cxd4 13. Nxd4 a6 14. Re1 g6 15. Qg4 Bg7 16. Bg5 Ne7 17.
Nxe6 fxe6 18. Qxe6 Nf8 19. Qh3 Qa5 20. Rac1 Qxa4 21. Rc7 Nd7 22. Qe6 Kd8 23. Rec1 Re8 24. Rxd7+ Qxd7 25. Qb6+ Qc7 26. Qxc7# 1-0

[Event "Early-Titled-Tuesday-Blitz-November-28-2023"]
[Site "Chess.com"]
[Date "2023.11.28"]
[Round "4"]
[White "juniortay"]
[Black "campochess"]
[Result "1-0"]
[WhiteElo "2495"]
[BlackElo "2235"]
[TimeControl "180+1"]
[EndTime "8:37:30 PST"]
[Termination "juniortay won by resignation"]

1. e4 c5 2. Nf3 Nc6 3. b4 cxb4 4. d4 d5 5. exd5 Qxd5 6. c4 bxc3 7. Nxc3 Qa5 8. d5 Nb8 9. Bd2 Qd8 10. Bc4 Nf6 11.
O-O g6 12. Re1 Bg7 13. d6 Qxd6 14. Nb5 Qb6 15. Bb4 O-O 16. Bxe7 Nc6 17. Bxf8 Bxf8 18. Qb3 Nd8 19. Ne5 a6 20. Bxf7+ Kg7 21. Qg3 axb5 22. Bxg6 Kh8 23. Bxh7 Nxh7 24. Ng6+ Kg7 25. Ne7+ Kh6 26. Ng8+ Kh5 27. Re5+ 1-0

[Event "Early-Titled-Tuesday-Blitz-November-28-2023"]
[Site "Chess.com"]
[Date "2023.11.28"]
[Round "4"]
[White "YouShallNotPass001"]
[Black "FM-to-GM"]
[Result "0-1"]
[WhiteElo "2457"]
[BlackElo "2671"]
[TimeControl "180+1"]
[EndTime "8:37:32 PST"]
[Termination "FM-to-GM won by resignation"]

1. Nf3 Nf6 2. e3 d5 3. Be2 g6 4.
O-O Bg7 5. d4 O-O 6. c4 c6 7. Nc3 Bg4 8. b4 Nbd7 9. Qb3 dxc4 10.
Qxc4 Bxf3 11. Bxf3 e5 12. b5 exd4 13. exd4 Nb6 14. Qb3 Qxd4 15. Be3 Qc4 16. bxc6 bxc6 17. Bxb6 Qxb3 18. axb3 axb6 19. Na4 b5 20. Bxc6 bxa4 21. Bxa8 Rxa8 22. Rxa4 Rb8 23. Rd1 Rxb3 24. h3 Bf8 25. g4 Rb2 26. Ra8 Kg7 27. Rdd8 Be7 28. Rdc8 Nd5 29.
Ra7 Bh4 30. f3 Bf2+ 31. Kh1 Bxa7 0-1

[Event "Early-Titled-Tuesday-Blitz-November-28-2023"]
[Site "Chess.com"]
[Date "2023.11.28"]
[Round "4"]
[White "liczner"]
[Black "guillembaches"]
[Result "1-0"]
[WhiteElo "2886"]
[BlackElo "2532"]
[TimeControl "180+1"]
[EndTime "8:37:32 PST"]
[Termination "liczner won by checkmate"]

1. e4 d5 2. exd5 Qxd5 3. Nc3 Qa5 4. d4 Nf6 5. Nf3 Bf5 6. Bc4 e6 7. O-O Bb4 8. Ne2 O-O 9. Ng3 Bg6 10. Ne5 Nc6 11. Nxg6 hxg6 12. c3 Bd6 13. Bb3 Qa6 14. Bg5 Na5 15. Qf3 Nxb3 16. axb3 Qb6 17. Bxf6 gxf6 18. Qxf6 Qxb3 19. Ne4 Qc2 20. Rae1 Rfe8 21. Re3 Bf8 22. Rf3 Re7 23. Ng5 Rae8 24. Nxf7 Qe4 25. Ng5 Qg4 26. Qxg6+ Bg7 27. Qh7# 1-0

[Event "Early-Titled-Tuesday-Blitz-November-28-2023"]
[Site "Chess.com"]
[Date "2023.11.28"]
[Round "4"]
[White "SayonaraPonytail"]
[Black "Gabix_94"]
[Result "0-1"]
[WhiteElo "2538"]
[BlackElo "2757"]
[TimeControl "180+1"]
[EndTime "8:37:34 PST"]
[Termination "Gabix_94 won by resignation"]

1. e4 e5 2. Nf3 d6 3. d4 exd4 4. Nxd4 Nf6 5. Nc3 Be7 6. Be2 O-O 7. O-O Re8 8. f4 Bf8 9. Bf3 c6 10. Re1 Nbd7 11. Be3 Qc7 12. h3 a5 13. a4 Nc5 14.
Bf2 Ne6 15. Qd2 Nxd4 16. Bxd4 Be6 17. f5 Bc4 18. b3 Ba6 19. Bxf6 gxf6 20. Rad1 Rad8 21.
Qf4 Re5 22. Re3 Kh8 23. Be2 Bxe2 24. Nxe2 d5 25. Ng3 Bc5 26. Kh1 Bxe3 27. Qxe3 dxe4 28. Rf1 Qd6 29. Qh6 Rg8 30. Nh5 e3 31. Qxf6+ Qxf6 32. Nxf6 e2 33. Re1 Rd8 34. Kg1 Rd1 0-1

[Event "Early-Titled-Tuesday-Blitz-November-28-2023"]
[Site "Chess.com"]
[Date "2023.11.28"]
[Round "4"]
[White "JoliyRoger"]
[Black "LeoWin2012"]
[Result "1-0"]
[WhiteElo "2503"]
[BlackElo "2272"]
[TimeControl "180+1"]
[EndTime "8:37:34 PST"]
[Termination "JoliyRoger won by checkmate"]

1. d4 g6 2. c4 Bg7 3. e4 d6 4. Nc3 Nf6 5. Nf3 O-O 6. h3 Nbd7 7. Bg5 c5 8. d5 Qa5 9. Bd3 Re8 10. O-O h6 11.
Be3 Nh5 12. Qd2 Kh7 13. Rae1 a6 14. a4 Ndf6 15. Qc2 Nd7 16. Re2 Ne5 17. Nxe5 Bxe5 18. f4 Bd4 19. Rf3 Bd7 20. e5 dxe5 21. fxe5 Kg7 22.
e6 fxe6 23. Bxg6 Nf6 24. Rg3 Kh8 25. Bxe8 Bxe8 26. Bxd4 cxd4 27. Ne4 Qxa4 28. Nxf6 Qxc2 29. Rg8# 1-0

[Event "Early-Titled-Tuesday-Blitz-November-28-2023"]
[Site "Chess.com"]
[Date "2023.11.28"]
[Round "4"]
[White "GKARU"]
[Black "Aygehovit1992"]
[Result "0-1"]
[WhiteElo "2522"]
[BlackElo "2725"]
[TimeControl "180+1"]
[EndTime "8:37:35 PST"]
[Termination "Aygehovit1992 won on time"]

1. d4 Nf6 2. Nf3 g6 3. Nc3 d5 4. Bf4 Bg7 5. e3 O-O 6. Nb5 Na6 7.
c4 c5 8. Nc3 Bg4 9. dxc5 Nxc5 10. cxd5 Qa5 11. Qd2 Rfd8 12. e4 Nb3 13. axb3 Qxa1+ 14. Qc1 Qxc1+ 15. Bxc1 Rac8 16. Bd3 e6 17. Bc4 Nxe4 18.
Nxe4 exd5 19. Bg5 Re8 20. O-O dxe4 21. Nd2 Bxb2 22. Re1 Bf5 23. h3 h5 24. Bd5 Bc3 25.
Bxb7 Rcd8 26. Re2 e3 27. Bxe3 Rxe3 28. Rxe3 Bxd2 29. Re7 Bb4 30. Re2 Rd2 0-1

[Event "Early-Titled-Tuesday-Blitz-November-28-2023"]
[Site "Chess.com"]
[Date "2023.11.28"]
[Round "4"]
[White "Sconko"]
[Black "Kovalyov_Eduard"]
[Result "1/2-1/2"]
[WhiteElo "2217"]
[BlackElo "2449"]
[TimeControl "180+1"]
[EndTime "8:37:36 PST"]
[Termination "Game drawn by repetition"]

1. e4 e5 2. Nf3 Nc6 3. d4 exd4 4. Nxd4 Nf6 5. Nxc6 bxc6 6. e5 Qe7 7. Qe2 Nd5 8. h4 Qe6 9. Nd2 d6 10. exd6 Qxe2+ 11. Bxe2 cxd6 12. c3 Be7 13. Bf3 O-O 14. Bxd5 cxd5 15.
Nf3 Re8 16. O-O Bg4 17. Bg5 Bxf3 18. gxf3 Bxg5 19. hxg5 Re2 20. Rad1 Rxb2 21. Rxd5 Rxa2 22. Rxd6 a5 23. Rfd1 g6 24. Rd8+ Rxd8 25. Rxd8+ Kg7 26. Ra8 a4 27. c4 a3 28. c5 Ra1+ 29. Kg2 a2 30. c6 Rc1 31. Rxa2 Rxc6 32. f4 Rc3 33.
f3 Rc1 34. Kg3 Rg1+ 35. Kf2 Rh1 36. Kg2 Rb1 37. Kg3 Rb4 38. Ra7 Rb1 39. Rc7 Ra1 40.
Rb7 Rg1+ 41. Kf2 Rh1 42. Kg2 Rh5 43. Kg3 h6 44. Kg4 Rh1 45. gxh6+ Rxh6 46. f5 gxf5+ 47. Kxf5 Rf6+ 48. Kg4 Rg6+ 49. Kf4 Rf6+ 50. Kg4 Rg6+ 51. Kf4 Rf6+ 52. Kg4 1/2-1/2

[Event "Early-Titled-Tuesday-Blitz-November-28-2023"]
[Site "Chess.com"]
[Date "2023.11.28"]
[Round "4"]
[White "DenLaz"]
[Black "dmosesov"]
[Result "1-0"]
[WhiteElo "3048"]
[BlackElo "2609"]
[TimeControl "180+1"]
[EndTime "8:37:39 PST"]
[Termination "DenLaz won on time"]

1. d4 Nf6 2. c4 b6 3. f3 Nc6 4. Nc3 e5 5. d5 Ne7 6. e4 Ng6 7.
Be3 Bc5 8. Qd2 d6 9. h4 h5 10. g3 O-O 11. Bg5 a5 12. Bh3 Bxh3 13.
Nxh3 a4 14. O-O-O a3 15. b3 Bd4 16. Ne2 Bb2+ 17. Kb1 b5 18. cxb5 Rb8 19. Nc3 Bxc3 20. Qxc3 Rxb5 21. Nf2 Qb8 22. Bxf6 gxf6 23. g4 Nf4 24.
gxh5 Qb6 25. Nd3 Ne2 26. Qd2 Nd4 27. Nc1 Kh7 28. Rdg1 Rb8 29. Qg2 1-0

[Event "Early-Titled-Tuesday-Blitz-November-28-2023"]
[Site "Chess.com"]
[Date "2023.11.28"]
[Round "4"]
[White "Msb2"]
[Black "bascheyaro"]
[Result "1-0"]
[WhiteElo "3047"]
[BlackElo "2839"]
[TimeControl "180+1"]
[EndTime "8:37:41 PST"]
[Termination "Msb2 won by checkmate"]

1. d4 d5 2. c4 c6 3. Nf3 Nf6 4.
Nc3 a6 5. Qc2 g6 6. cxd5 cxd5 7.
Bg5 Bg7 8. Bxf6 Bxf6 9. Nxd5 O-O 10. Nxf6+ exf6 11. e3 Bf5 12. Bd3 Bxd3 13. Qxd3 Nc6 14. O-O Ne5 15. Qe4 Nxf3+ 16. Qxf3 Qb6 17. b3 f5 18.
Rfc1 Rac8 19. h3 Qb4 20. Qd1 Qa3 21. Rc2 b5 22. Rac1 Rcd8 23. Qf3 a5 24. h4 h5 25. Qg3 Rfe8 26. Rc6 Kg7 27. R1c5 Qxa2 28. Rxg6+ fxg6 29. Rc7+ Kf6 30. Qg5+ Ke6 31. Qxg6+ Kd5 32.
Qc6# 1-0

[Event "Early-Titled-Tuesday-Blitz-November-28-2023"]
[Site "Chess.com"]
[Date "2023.11.28"]
[Round "4"]
[White "Grammnik"]
[Black "SmirnovTimofey2000"]
[Result "1-0"]
[WhiteElo "2325"]
[BlackElo "2069"]
[TimeControl "180+1"]
[EndTime "8:37:44 PST"]
[Termination "Grammnik won by checkmate"]

1. e4 e5 2. Nf3 Nf6 3. Nc3 Bb4 4. a3 Bxc3 5. dxc3 O-O 6. Qe2 d6 7. Bg5 Bg4 8. h3 Bh5 9. g4 Bg6 10. Nd2 Nbd7 11. Bg2 c6 12. h4 h6 13. Be3 d5 14. h5 Bh7 15. g5 hxg5 16. Bxg5 dxe4 17. h6 Nb6 18. hxg7 Re8 19. Rh6 Nbd5 20. Bxe4 Bxe4 21.
Nxe4 Re6 22. O-O-O Qe7 23. Qf3 Nf4 24. Nxf6+ Rxf6 25. Bxf6 Qe6 26. Rh8# 1-0

[Event "Early-Titled-Tuesday-Blitz-November-28-2023"]
[Site "Chess.com"]
[Date "2023.11.28"]
[Round "4"]
[White "blank0923"]
[Black "Pendos666"]
[Result "0-1"]
[WhiteElo "2592"]
[BlackElo "2805"]
[TimeControl "180+1"]
[EndTime "8:37:46 PST"]
[Termination "Pendos666 won on time"]

1. e4 c5 2. Nc3 a6 3. g3 b5 4.
Bg2 Bb7 5. d3 d6 6. Nh3 h5 7.
O-O e6 8. f4 Qb6 9. f5 e5 10.
Be3 Nf6 11. Kh1 Be7 12. Qd2 h4 13. gxh4 Rxh4 14. Bg5 Rh5 15. Ne2 Nbd7 16. Ng3 Rh7 17. a4 b4 18. a5 Qc7 19. c3 b3 20. Be3 Bc6 21. Ra3 Qb7 22. Qd1 Rb8 23. Bg1 d5 24. Ng5 Rh4 25. exd5 Nxd5 26. Nf3 Nf4 27. Qd2 Nxg2 28.
Qxg2 Rf4 29. Ne4 Nf6 30. Be3 Rxf3 31. Rxf3 Nxe4 0-1

[Event "Early-Titled-Tuesday-Blitz-November-28-2023"]
[Site "Chess.com"]
[Date "2023.11.28"]
[Round "4"]
[White "The_Straightforward_Rook"]
[Black "Meri-Arabidze"]
[Result "0-1"]
[WhiteElo "2473"]
[BlackElo "2690"]
[TimeControl "180+1"]
[EndTime "8:37:48 PST"]
[Termination "Meri-Arabidze won by resignation"]

1. e4 c5 2. c3 d5 3. exd5 Qxd5 4. Nf3 Nc6 5. Na3 Qd8 6. Be2 Nf6 7. O-O Bg4 8. Nc4 Qc7 9. Qa4 Bd7 10. Qb3 e6 11.
d3 Be7 12. a4 O-O 13. h3 b6 14. Bg5 h6 15. Bh4 Nd5 16. Bg3 Nf4 17. Bd1 Rad8 18.
Qc2 Bc8 19. Nfe5 Nxe5 20. Bxf4 Nf3+ 21. Bxf3 Qxf4 22. Qe2 Ba6 23. g3 Qf5 24. Be4 Qxh3 25. Ne5 Bf6 26. Nc6 Rd7 27. b4 cxb4 28. cxb4 Bxa1 29.
Rxa1 Bb7 30. a5 Bxc6 31. Bxc6 Rc7 32. Be4 bxa5 33. bxa5 Rfc8 34. Qb2 h5 35. Bb7 Rd8 36. a6 h4 37. Bg2 Qg4 38. Qe5 Rcd7 39. gxh4 Rxd3 40.
h5 Rd1+ 0-1

[Event "Early-Titled-Tuesday-Blitz-November-28-2023"]
[Site "Chess.com"]
[Date "2023.11.28"]
[Round "4"]
[White "ViktoriyaTarasova"]
[Black "WindWhistler11"]
[Result "0-1"]
[WhiteElo "2361"]
[BlackElo "2557"]
[TimeControl "180+1"]
[EndTime "8:37:50 PST"]
[Termination "WindWhistler11 won by resignation"]

1. d4 Nf6 2. c4 e6 3. Nc3 c5 4. d5 exd5 5. cxd5 Bd6 6. e4 O-O 7. f4 Nxe4 8. Nxe4 Re8 9. Bd3 f5 10. Ne2 fxe4 11. Bc2 Na6 12. O-O Nb4 13. Bb1 c4 14. Qd4 b6 15. Be3 Ba6 16. Ng3 Nd3 17. Qc3 Bb4 18. Qc2 Qf6 19. f5 Rac8 20. Qa4 b5 21.
Qc2 c3 22. b3 Bd6 23. Nxe4 Rxe4 24. Qxd3 Rxe3 0-1

[Event "Early-Titled-Tuesday-Blitz-November-28-2023"]
[Site "Chess.com"]
[Date "2023.11.28"]
[Round "4"]
[White "ContrVersia"]
[Black "SaqoChess_Twitch"]
[Result "0-1"]
[WhiteElo "2873"]
[BlackElo "2643"]
[TimeControl "180+1"]
[EndTime "8:37:51 PST"]
[Termination "SaqoChess_Twitch won on time"]

1. Nf3 d5 2. c4 e6 3. b3 Nf6 4. g3 Be7 5. Bg2 O-O 6. O-O c5 7. Bb2 Nc6 8. e3 d4 9. exd4 cxd4 10. Re1 Bc5 11. Na3 Re8 12. Ne5 Nxe5 13. Rxe5 Bd6 14. Re1 e5 15. Nc2 a5 16. d3 Rb8 17.
Qd2 b5 18. Ba3 b4 19. Bb2 Bc5 20. a3 bxa3 21. Bxa3 Nd7 22. Bxc5 Nxc5 23. Qxa5 Qxa5 24. Rxa5 Nxd3 25. Rb1 Bf5 26. Na1 Nb4 27. Rd1 f6 28.
f3 Nc2 29. g4 Bg6 30. Rb5 Rxb5 31. cxb5 Ne3 32. Rc1 Rb8 33. Rc5 Bd3 0-1